 Dungeon Crawl Stone Soup version 0.30-a0-779-g7971cf19c3 (webtiles) character file.

Game seed: 9579122691798452784

93 Pimp the Stinger (level 4, -5/36 HPs)
             Began as a Deep Elf Venom Mage on Feb 17, 2023.
             Slain by a gnoll
             ... wielding a +0 flail
              (7 damage)
             ... on level 2 of the Dungeon.
             The game lasted 00:05:52 (2140 turns).

Pimp the Stinger (Deep Elf Venom Mage)              Turns: 2140, Time: 00:05:53

Health: -5/36      AC:  6    Str:  5    XL:     4   Next: 37%
Magic:  11/11      EV: 13    Int: 22    God:
Gold:   111        SH:  0    Dex: 15    Spells: 9/10 levels left

rFire   x . .      SeeInvis .    f - +0 dagger
rCold   + . .      Faith    .    (no shield)
rNeg    . . .      Spirit   .    a - +0 robe
rPois   .          Reflect  .    d - +1 helmet
rElec   .          Harm     .    o - +0 cloak
rCorr   .          Rampage  .    (no gloves)
Will    +....                    k - +0 pair of boots Stlth
                                 (no amulet)
HPRegen 0.26/turn                m - ring of willpower
MPRegen 0.12/turn                p - ring of ice

@: berserking, very quick
A: no striking features
a: no special abilities


You were on level 2 of the Dungeon.
You visited 1 branch of the dungeon, and saw 3 of its levels.

You collected 111 gold pieces.

Inventory:

Hand Weapons
 f - a +0 dagger (weapon)
 g - a +0 sling
Missiles
 e - 5 poisoned darts
 h - 26 stones
Armour
 a - a +0 robe (worn)
 d - a +1 helmet (worn)
 k - a +0 pair of boots (worn)
 o - a +0 cloak (worn)
 r - a +0 cloak
Jewellery
 m - a ring of willpower (left hand)
 p - a ring of ice (right hand)
Wands
 q - a wand of paralysis (4)
Scrolls
 c - a scroll of fog
Potions
 b - a potion of magic
 l - a potion of brilliance


   Skills:
 + Level 0.3 Fighting
 + Level 0.2 Short Blades
 + Level 2.3 Ranged Weapons
 + Level 2.8 Dodging
 + Level 2.5 Stealth
 + Level 3.7 Spellcasting
 + Level 2.2 Transmutations
 + Level 3.9 Poison Magic


You had 9 spell levels left.
You knew the following spells:

 Your Spells              Type           Power      Damage    Failure   Level
a - Sting                 Tmut/Pois      68%        1d6       3%          1

Your spell library contained the following spells:

 Spells                   Type           Power      Damage    Failure   Level
 Poisonous Vapours        Pois/Air       24%        N/A       8%          2
 Mephitic Cloud           Conj/Pois/Air  9%         N/A       21%         3
 Olgreb's Toxic Radiance  Pois           21%        N/A       22%         4


Dungeon Overview and Level Annotations

Branches:
Dungeon (3/15)

Altars:
Dithmenos
Kikubaaqudgha
Wu Jian

Annotations:
D:2 Robin


Message History

You see here a +0 halberd. 2 gnolls come into view.
The gnoll shouts! x2
The gnoll misses you.
The gnoll hits you from afar with a +0 halberd!
You hit the gnoll but do no damage. The gnoll barely misses you.
The gnoll hits you from afar with a +0 halberd.
Casting: Sting (safe; 3% risk of failure)
Confirm with . or Enter, or press ? or * to list all spells.
Aiming: Sting (safe; 3% risk of failure)
Press: ? - help, Shift-Dir - straight line, f - gnoll
Aim: a gnoll, wielding a +0 flail (77% to hit)
The sting hits the gnoll.
The gnoll is poisoned.
The gnoll is lightly wounded.
The gnoll hits you from afar with a +0 halberd.
The gnoll barely misses you. The gnoll attacks as you move away!
The gnoll hits you with a +0 flail.
* * * LOW HITPOINT WARNING * * *
There is a stone staircase leading up here.
The gnoll looks more healthy.
You climb upwards.
Level annotation: Robin
There is a stone staircase leading down here.
You start resting.
HP restored.
You climb downwards.
The gnoll hits you with a +0 halberd!
Ouch! That really hurt!
There is a stone staircase leading up here.
The gnoll hits you with a +0 halberd!
* * * LOW HITPOINT WARNING * * *
The gnoll hits you but does no damage.
You climb upwards.
Level annotation: Robin
There is a stone staircase leading down here.
Okay, then.
A red film seems to cover your vision as you go berserk!
You feel yourself moving faster!
You feel mighty! The gnoll misses you. x2
You closely miss the gnoll. You completely miss the gnoll.
The gnoll hits you with a +0 flail!
You die...

########### #....<....#
###.........##########
...............g@g...###
###.........####.#.....#
#.........# #.#.....#
#.........#
#.#.....##########
###########
#.#...............
#######.#.....#########.
#.......#..........# #.
#.......#####.†)...# #.
#.......# #......####.


You could see 2 gnolls.

Vanquished Creatures
  4 adders
  A gnoll (D:3)
  A dart slug (D:3)
  2 ball pythons
  4 bats
  2 endoplasms
  A giant cockroach (D:2)
  5 hobgoblins
  5 kobolds
  3 quokkas (D:3)
  3 frilled lizards
  8 goblins
  A rat (D:1)
40 creatures vanquished.

Notes
Turn   | Place    | Note
-------+----------+-------------------------------------------
     0 | D:1      | Pimp the Deep Elf Venom Mage began the quest for the Orb.
     0 | D:1      | Reached XP level 1. HP: 10/10 MP: 6/6
   299 | D:1      | Reached XP level 2. HP: 14/15 MP: 5/8
   680 | D:2      | Reached skill level 1 in Ranged Weapons
   784 | D:2      | Reached XP level 3. HP: 18/19 MP: 8/10
  1122 | D:2      | Noticed Robin
  1528 | D:3      | Found an ornate altar of the Wu Jian Council.
  1537 | D:3      | Reached XP level 4. HP: 24/24 MP: 11/11
  1551 | D:3      | Found an ancient bone altar of Kikubaaqudgha.
  1746 | D:3      | Found a shadowy altar of Dithmenos.
  1790 | D:3      | Found a faded altar of an unknown god.
  2136 | D:3      | HP: 1/24 [gnoll/+0 halberd (10)]
  2140 | D:2      | Slain by a gnoll

Illustrated notes

Levels and vault maps discovered:
D:1:      lightli_arrival_flooded_house, layout_rooms, serial_glass,
          glass_columns_a, glass_columns_b
D:2:      layout_basic, serial_rivers, chequers_serial_rivers_large_a,
          chequers_serial_rivers_micro_c, chequers_serial_rivers_micro_d,
          chequers_serial_rivers_small_3, minmay_pentomino_v4, uniq_robin
D:3:      layout_basic, nicolae_dithmenos_the_darkroom,
          mainiacjoe_overflow_cross_hatched, kiku_gazebo_pond_becter,
          makhleb_altar_promises_db, basic_ecumenical_altar

Skill      XL: |  1  2  3 |
---------------+----------+-----
Ranged Weapons | 1 2 |  2.3
Transmutations | 2 |  2.2
Fighting       | |  0.3
Short Blades   | |  0.2
Dodging        | |  2.8
Stealth        | |  2.5
Spellcasting   | |  3.7
Poison Magic   | |  3.9

Action                     |  1- 3 |  4- 6 || total
---------------------------+-------+-------++-------
  Melee: Unarmed           |     3 |       ||     3
         Dagger            |    27 |    27 ||    54
   Fire: Sling             |    37 |       ||    37
   Cast: Sting             |    34 |     6 ||    40
    Use: Scroll            |     5 |       ||     5
         Potion            |       |     1 ||     1
   Stab: Sleeping          |     2 |       ||     2
 Armour: Robe              |    30 |     5 ||    35
  Dodge: Dodged            |    67 |    23 ||    90

Table legend: (Time is in decaauts)
 A = Elapsed time spent in this place.
 B = Non-inter-level travel time spent in this place.
 C = Inter-level travel time spent in this place.
 D = Time resting spent in this place.
 E = Time spent auto-exploring this place.
 F = Levels seen in this place.
 G = Mean time per level.
                   A        B        C        D        E       F      G
               +--------+--------+--------+--------+--------+-----+--------+
         Total |   2151 |   2117 |     34 |    522 |   1052 |   3 |  717.0 |
       Dungeon |   2151 |   2117 |     34 |    522 |   1052 |   3 |  717.0 |
               +--------+--------+--------+--------+--------+-----+--------+

Top non-repeatable levels by time:
     D:3: 936 daAuts
     D:1: 661 daAuts
     D:2: 553 daAuts
